 Dungeon Crawl Stone Soup version 0.24-a0-582-g4d4af813a0 (webtiles) character file.

Game seed: 11338735075765242167

99 Mame the Chopper (level 4, -3/40 HPs)
             Began as a Hill Orc Fighter on Aug 26, 2019.
             Slain by Robin
             ... wielding a +2 dagger of electrocution
              (8 damage)
             ... on level 3 of the Dungeon.
             The game lasted 00:05:08 (1827 turns).

Mame the Chopper (Hill Orc Fighter)                 Turns: 1827, Time: 00:05:08

Health: -3/40      AC:  6    Str: 19    XL:     4   Next: 72%
Magic:  4/4        EV:  9    Int:  8    God:
Gold:   114        SH:  0    Dex: 10    Spells: 3/3 levels left

rFire    . . .     SeeInvis .   a - +0 war axe
rCold    . . .     Gourm    .   (no shield)
rNeg     . . .     Faith    .   b - +0 scale mail
rPois    .         Spirit   .   (no helmet)
rElec    .         Reflect  .   (no cloak)
rCorr    .         Harm     .   (no gloves)
MR       .....                  (no boots)
Stlth    ..........             (no amulet)
HPRegen  0.13/turn              (no ring)
MPRegen  0.09/turn              (no ring)

@: no status effects
A: no striking features
a: no special abilities


You were on level 3 of the Dungeon.
You were not hungry.

You visited 1 branch of the dungeon, and saw 3 of its levels.

You collected 114 gold pieces.

Inventory:

Hand Weapons
 a - a +0 war axe (weapon)
 o - a cursed -3 falchion
Armour
 b - a +0 scale mail (worn)
 c - a +0 shield
Jewellery
 j - an uncursed ring of wizardry
Scrolls
 d - a scroll of fear {unknown}
 e - 3 scrolls of remove curse {unknown}
 g - 3 scrolls of fog
 h - a scroll of amnesia {unknown}
 i - a scroll of immolation
 k - 2 scrolls of enchant weapon
 l - 2 scrolls of enchant armour {unknown}
 m - a scroll of random uselessness {unknown}
 p - a scroll of noise {unknown}
Comestibles
 f - 3 rations


   Skills:
 - Level 4.1 Fighting
 * Level 5.3 Axes
 - Level 3.6 Armour
 - Level 3.6 Shields


You had 3 spell levels left.
You didn't know any spells.
Your spell library was empty.

Dungeon Overview and Level Annotations

Branches:
Dungeon (3/15)

Altars:

Annotations:
D:3 Robin


Message History

The goblin goes into a battle-frenzy!
You closely miss the goblin. The goblin hits you but does no damage.
You barely miss Robin. You hit the goblin.
You kill the goblin!
Robin drinks a potion.
Robin goes berserk!
You hit Robin.
Robin is lightly wounded.
Robin hits you with a +2 dagger of electrocution.
Robin barely misses you.
You slash Robin!
Robin is heavily wounded.
Robin hits you but does no damage.
You are electrocuted!
Robin hits you with a +2 dagger of electrocution.
* * * LOW HITPOINT WARNING * * *
You hit Robin.
Robin is severely wounded.
Robin hits you with a +2 dagger of electrocution.
* * * LOW HITPOINT WARNING * * *
Robin hits you but does no damage.
You are electrocuted!
You die...

#.. #####.# #..
....... #.#
....... ##.#
....g..
#..##.......
#.#)........
#####.#.###..###
. ##.)...†.# #
#.. #...@g#)##
#..#<...#..#
#......#.##
#....#....#
#.######### ...
..# #.# ..


You could see Robin (berserk).

Vanquished Creatures
  3 adders (D:2)
  2 worms (D:2)
  2 dart slugs (D:1)
  2 leopard geckos
  5 bats
  3 giant cockroaches
  10 goblins
  11 hobgoblins
  2 jackals (D:2)
  3 ball pythons (D:1)
  4 frilled lizards
  8 kobolds
  6 rats
61 creatures vanquished.

Notes
Turn   | Place    | Note
-------+----------+-------------------------------------------
     0 | D:1      | Mame the Hill Orc Fighter began the quest for the Orb.
     0 | D:1      | Reached XP level 1. HP: 19/19 MP: 1/1
    70 | D:1      | Reached skill level 3 in Axes
   108 | D:1      | Reached XP level 2. HP: 26/27 MP: 2/2
   372 | D:1      | Reached XP level 3. HP: 16/33 MP: 3/3
   863 | D:2      | Reached skill level 4 in Axes
  1069 | D:2      | Reached XP level 4. HP: 32/40 MP: 4/4
  1405 | D:2      | Reached skill level 5 in Axes
  1806 | D:3      | Noticed Robin
  1827 | D:3      | Slain by Robin

Levels and vault maps discovered:
D:1:      wander_arrival_estate, layout_basic
D:2:      layout_loops_ring, first_ration
D:3:      layout_rooms, old_standard_altar, nicolae_overflow_hidden_temple,
          ebering_ghost_disaster_area, uniq_robin

Skill      XL: |  1  2  3  4 |
---------------+-------------+-----
Axes           | 3 4 5 |  5.3
Fighting       | 4 |  4.1
Armour         | |  3.6
Shields        | |  3.6

Action                   |  1- 3 |  4- 6 || total
-------------------------+-------+-------++-------
Melee: War axe           |   112 |    49 ||   161
  Use: Scroll            |     2 |     2 ||     4
       Potion            |       |     1 ||     1
  Eat: Chunk             |     1 |     2 ||     3
Armor: Scale mail        |    48 |    25 ||    73
Dodge: Dodged            |    40 |    20 ||    60
Block: Shield            |    37 |       ||    37

Table legend:
 A = Non-vault XP
 B = Vault XP
 C = Vault XP percentage of total XP
 D = Non-vault monster count
 E = Vault monster count
 F = Vault count percentage of total count
                 A         B        C        D         E       F
            +---------+---------+-------+---------+---------+-------
      Total |     127 |      15 |  10.6 |      52 |       9 |  14.8
            +---------+---------+-------+---------+---------+-------
        D:1 |      46 |       0 |   0.0 |      27 |       0 |   0.0
        D:2 |      81 |       0 |   0.0 |      25 |       0 |   0.0
        D:3 |       0 |      15 | 100.0 |       0 |       9 | 100.0
            +---------+---------+-------+---------+---------+-------
